 Dungeon Crawl Stone Soup version 0.25-a0-576-g50b708a4c4 (webtiles) character file.

Game seed: 14276456603563153381, levelgen mode: deterministic

7452 Flugslaktarn the Cleaver (level 10, 0/94 HPs)
             Began as a Deep Dwarf Fighter on Mar 1, 2020.
             Was a Priest of Makhleb.
             Slain by a seven-headed hydra (1 damage)
             ... on level 1 of the Lair of Beasts.
             The game lasted 00:03:41 (4791 turns).

Flugslaktarn the Cleaver (Deep Dwarf Fighter)       Turns: 4791, Time: 00:03:42

Health: 0/94       AC: 17    Str: 23    XL:     10   Next: 94%
Magic:  9/9        EV:  7    Int:  9    God:    Makhleb [***...]
Gold:   504        SH: 11    Dex: 12    Spells: 9/9 levels left

rFire    . . .     SeeInvis .   b - +1 hand axe (flame)
rCold    + . .     Gourm    .   c - +0 kite shield
rNeg     . . .     Faith    .   u - +4 chain mail {rC+}
rPois    .         Spirit   .   E - +0 helmet (curse)
rElec    .         Reflect  .   J - +0 cloak
rCorr    .         Harm     .   (no gloves)
MR       +....                  (no boots)
Stlth    ..........             t - amulet of the acrobat
HPRegen  0.00/turn              n - ring of attention (curse)
MPRegen  0.11/turn              y - ring of flight

@: lethally poisoned (0 -> 0), non-regenerating
A: damage resistance, heal wounds, sense surroundings 2, no regeneration
a: Heal Wounds, Minor Destruction, Lesser Servant of Makhleb, Renounce Religion,
Evoke Flight


You were on level 1 of the Lair of Beasts.
You worshipped Makhleb.
Makhleb was most pleased with you.
You were not hungry.

You visited 3 branches of the dungeon, and saw 11 of its levels.

You collected 504 gold pieces.

Inventory:

Hand Weapons
 a - the +6 war axe "Inimyfyn" {protect, rF- Str+7 Stlth-}
   (You found it on level 7 of the Dungeon)

   It grants its wielder temporary protection when it strikes (+7 to AC).
   It affects your strength (+7).
   It makes you vulnerable to fire.
   It makes you less stealthy.
 b - a +1 hand axe of flaming (weapon)
   (You took it off an orc on level 7 of the Dungeon)
 D - a +0 war axe
Armour
 c - a +0 kite shield (worn)
 u - a +4 chain mail of cold resistance (worn)
   (You took it off Edmund on level 5 of the Dungeon)
 v - a +0 scale mail
 x - a cursed +0 plate armour
   (You found it on level 6 of the Dungeon)
 E - a cursed +0 helmet (worn)
   (You found it on level 7 of the Dungeon)
 J - a +0 cloak (worn)
   (You found it on level 9 of the Dungeon)
Jewellery
 g - an uncursed ring of fire
   (You found it on level 4 of the Dungeon)
 n - a cursed ring of attention (left hand)
   (You found it on level 4 of the Dungeon)
 t - an amulet of the acrobat (around neck)
   (You found it on level 5 of the Dungeon)
 y - a ring of flight (right hand)
   (You found it on level 6 of the Dungeon)
 G - an uncursed amulet of harm {unknown}
   (You found it on level 7 of the Dungeon)
 H - an uncursed ring of see invisible {unknown}
   (You found it on level 7 of the Dungeon)
 O - an uncursed amulet of regeneration {unknown}
   (You found it on level 1 of the Lair of Beasts)
 P - an uncursed ring of protection from cold {unknown}
   (You found it on level 1 of the Lair of Beasts)
Wands
 B - a wand of iceblast (6)
   (You found it on level 9 of the Dungeon)
Scrolls
 h - 5 scrolls of remove curse {unknown}
 i - 5 scrolls of enchant armour {unknown}
 j - a scroll of blinking {unknown}
 o - 7 scrolls of teleportation {unknown}
 s - 4 scrolls of identify {unknown}
 A - 2 scrolls of amnesia {unknown}
 C - a scroll of noise {unknown}
 I - a scroll of magic mapping {unknown}
 L - a scroll of random uselessness {unknown}
 N - a scroll of fog {unknown}
Potions
 d - a potion of might
 f - a potion of experience {unknown}
 k - 2 potions of mutation {unknown}
 l - a potion of brilliance {unknown}
 m - a potion of haste {unknown}
 p - a potion of flight {unknown}
 q - 2 potions of degeneration {unknown}
 r - a potion of stabbing {unknown}
 w - a potion of heal wounds
 z - 2 potions of curing {unknown}
 F - 2 potions of lignification {unknown}
 K - a potion of ambrosia {unknown}
Comestibles
 e - 16 rations
 M - 11 chunks of flesh


   Skills:
 + Level 7.2 Fighting
 * Level 11.3 Axes
 + Level 8.6 Armour
 + Level 8.8 Shields
 + Level 5.7 Invocations


You had 9 spell levels left.
You didn't know any spells.
Your spell library was empty.

Dungeon Overview and Level Annotations

Branches:
Dungeon (9/15)             Temple (1/1) D:5            Lair (1/6) D:9
    Orc: D:9-12

Altars:
Ashenzari
Cheibriados
Dithmenos
Elyvilon
Fedhas
Gozag
Hepliaklqana
Kikubaaqudgha
Makhleb
Nemelex Xobeh
Okawaru
Qazlal
Ru
Sif Muna
Trog
Uskayaw
Vehumet
Wu Jian
Xom
Yredelemnul
Zin
The Shining One

Shops:
D:4 %   D:8 }

Annotations:
D:5 2 transporters
D:9 3 runed translucent doors, LastManStanding's ghost, novice DENe


Innate Abilities, Weirdness & Mutations

You are resistant to damage.
You can heal yourself by infusing magical energy.
You passively map the area around you.
You do not regenerate.


Message History

The eight-headed hydra bites you!
* * * LOW HITPOINT WARNING * * *
The eight-headed hydra bites you but does no damage.
You block the eight-headed hydra's attack.
You hack one of the eight-headed hydra's heads off!
The flame cauterises the wound!
You hit the seven-headed hydra. You burn the seven-headed hydra.
The seven-headed hydra is almost dead.
The seven-headed hydra bites you.
* * * LOW HITPOINT WARNING * * *
The seven-headed hydra bites you but does no damage. x3
The seven-headed hydra completely misses you.
You block the seven-headed hydra's attack. x2
Okay, then.
Your shield and chain mail prevent you from hitting the seven-headed hydra.
The seven-headed hydra is almost dead.
The seven-headed hydra barely misses you.
You block the seven-headed hydra's attack.
The seven-headed hydra bites you.
You die...

, , * * * ,,, .
..#..##, , *
,*#...##.>... , ,*,
*#.#.#.....# #.# ,
#...#.....#,.#.#*,
#.........##...#.. ,
* #.................
...#........#.#..# ,
,,
.......D@..#....#* #
,, ,
*#......##..#.#.##.#
, *
#..#....##.#.......#
, ,
#.P#.##.##......# ,
...##.##....#....#
,, * .....
#....##.#....# ,....
#......#.#....# ...
,##....#.......# ##.
#............##


You could see a seven-headed hydra.

Vanquished Creatures
  A spiny frog (Lair:1)
  A troll (D:9)
  A queen bee (D:8)
  Grinder (D:5)
  10 yaks
  Eustachio (D:5)
  A hungry ghost (D:9)
  Edmund (D:5)
  2 water moccasins
  A porcupine (Lair:1)
  Duvessa (D:7)
  A black bear (D:2)
  2 orc warriors
  3 wolves (Lair:1)
  A sky beast (D:8)
  3 phantoms
  4 ogres
  A centaur (D:5)
  A crocodile (Lair:1)
  2 big kobolds (D:8)
  Dowan (D:7)
  3 bullfrogs
  4 scorpions
  20 killer bees
  3 wights (D:6)
  4 crimson imps
  3 howler monkeys
  A jelly (D:9)
  A bullfrog zombie (D:6)
  3 hounds
  3 centaur skeletons
  4 orc priests
  2 centaur zombies (D:9)
  2 iguanas
  Ijyb (D:3)
  4 orc wizards
  3 worker ants
  A worker ant zombie (D:6)
  4 gnolls (D:8)
  8 adders
  4 shadow imps
  An adder skeleton (D:4)
  2 adder zombies
  A worm (D:4)
  2 leopard geckos
  28 orcs
  3 bats
  A giant cockroach (D:5)
  2 goblins (D:3)
  A hobgoblin (D:3)
  11 jackals
  2 quokkas
  A frilled lizard (D:4)
  11 kobolds
  3 rats
187 creatures vanquished.

Vanquished Creatures (others)
  Psyche (D:9)
  A human (D:4)
2 creatures vanquished.

Grand Total: 189 creatures vanquished

Notes
Turn   | Place    | Note
-------+----------+-------------------------------------------
     0 | D:1      | Flugslaktarn the Deep Dwarf Fighter began the quest for the
                  | Orb.
     0 | D:1      | Reached XP level 1. HP: 20/20 MP: 1/1
    60 | D:2      | Noticed a black bear
    96 | D:2      | Killed a black bear
    96 | D:2      | Reached skill level 3 in Axes
    96 | D:2      | Reached XP level 2. HP: 16/28 MP: 2/2
    96 | D:2      | Reached XP level 3. HP: 20/34 MP: 3/3
    96 | D:2      | Reached XP level 4. HP: 25/42 MP: 4/4
   180 | D:3      | Noticed Ijyb
   193 | D:3      | Killed Ijyb
   201 | D:3      | Reached skill level 4 in Axes
   215 | D:3      | Found a sacrificial altar of Ru.
   222 | D:3      | Reached XP level 5. HP: 43/49 MP: 5/5
   374 | D:4      | Noticed a phantom
   392 | D:4      | Found Noerebea's Food Emporium.
   409 | D:4      | Killed a phantom
   484 | D:4      | Noticed a phantom
   499 | D:4      | Killed a phantom
   499 | D:4      | Reached XP level 6. HP: 26/57 MP: 6/6
   566 | D:4      | Reached skill level 5 in Axes
   797 | D:4      | Found an ancient bone altar of Kikubaaqudgha.
   915 | D:4      | Noticed a human
   916 | D:4      | Killed a human
   928 | D:5      | Entered Level 5 of the Dungeon
   934 | D:5      | Noticed Eustachio
   993 | D:5      | Killed Eustachio
   993 | D:5      | Reached skill level 5 in Armour
   993 | D:5      | Reached skill level 5 in Shields
   993 | D:5      | Reached XP level 7. HP: 31/64 MP: 6/6
  1002 | D:5      | Found a staircase to the Ecumenical Temple.
  1013 | Temple   | Entered the Ecumenical Temple
  1172 | D:5      | Reached skill level 6 in Axes
  1263 | D:5      | Noticed Edmund
  1324 | D:5      | Killed Edmund
  1347 | D:5      | Found a stormy altar of Qazlal.
  1373 | D:5      | Reached XP level 8. HP: 39/73 MP: 5/5
  1422 | D:5      | Noticed Grinder
  1429 | D:5      | Paralysed by Grinder for 2 turns
  1439 | D:5      | Paralysed by Grinder for 2 turns
  1449 | D:5      | Paralysed by Grinder for 6 turns
  1458 | D:5      | Killed Grinder
  1458 | D:5      | Reached skill level 7 in Axes
  1540 | D:5      | Found a glowing golden altar of the Shining One.
  1542 | D:5      | Found a snail-covered altar of Cheibriados.
  1542 | D:5      | Noticed a hornet
  1542 | D:5      | Noticed a deep elf mage
  1545 | D:5      | Found a transporter.
  1555 | D:5      | Found a transporter.
  1798 | D:6      | Reached skill level 5 in Fighting
  2054 | D:6      | Reached skill level 8 in Axes
  2607 | D:7      | Got a scorched war axe
  2608 | D:7      | Identified the +6 war axe "Inimyfyn" {protect, rF- Str+7
                  | Stlth-} (You found it on level 7 of the Dungeon)
  2780 | D:7      | Gained mutation: You passively map the area around you.
                  | [Deep Dwarf growth]
  2780 | D:7      | Reached XP level 9. HP: 61/81 MP: 5/5
  2972 | D:7      | Noticed Duvessa
  2972 | D:7      | Noticed Dowan
  2981 | D:7      | Killed Duvessa
  2988 | D:7      | Killed Dowan
  3209 | D:8      | Reached skill level 9 in Axes
  3285 | D:8      | Found a burning altar of Makhleb.
  3320 | D:8      | Found an ornate altar of the Wu Jian Council.
  3360 | D:8      | Became a worshipper of Makhleb the Destroyer
  3489 | D:8      | Reached skill level 1 in Invocations
  3509 | D:8      | Found Daadubi's Gadget Shoppe.
  3643 | D:8      | Reached * piety under Makhleb
  3723 | D:8      | Noticed a queen bee
  3734 | D:8      | Killed a queen bee
  3734 | D:8      | Reached skill level 10 in Axes
  3740 | D:8      | Reached XP level 10. HP: 45/92 MP: 8/8
  3955 | D:9      | Found a hazy altar of Hepliaklqana.
  3964 | D:9      | Reached ** piety under Makhleb
  4065 | D:9      | Found a runed translucent gate.
  4065 | D:9      | Found a runed translucent gate.
  4066 | D:9      | Found a runed translucent gate.
  4068 | D:9      | Noticed LastManStanding's ghost (novice DENe)
  4344 | D:9      | Noticed Psyche
  4351 | D:9      | Killed Psyche
  4361 | D:9      | Found a staircase to the Lair.
  4681 | Lair:1   | Entered Level 1 of the Lair of Beasts
  4690 | Lair:1   | Reached skill level 11 in Axes
  4690 | Lair:1   | Reached skill level 5 in Invocations
  4692 | Lair:1   | Reached *** piety under Makhleb
  4756 | Lair:1   | Noticed a spiny frog
  4757 | Lair:1   | Noticed an eight-headed hydra
  4761 | Lair:1   | Killed a spiny frog
  4789 | Lair:1   | HP: 2/94 [eight-headed hydra (8)]
  4791 | Lair:1   | Slain by a seven-headed hydra

Levels and vault maps discovered:
D:1:      dpeg_arrival_rhombus, layout_basic
D:2:      layout_loops_ring, nicolae_overflow_crystal_walls, item_on_display_a
D:3:      layout_basic, minmay_misc_feat_pillars, hangedman_ru_absence,
          uniq_ijyb
D:4:      layout_loops_ring, serial_shops, shop_coins, first_ration,
          tgw_kikubaaqudgha
D:5:      layout_cave_pools, lemuel_crystal_altar,
          gammafunk_temple_overflow_arena, minmay_temple_entry_trees,
          uniq_eustachio, uniq_grinder, uniq_edmund
D:6:      layout_basic
D:7:      layout_loops_ring, uniq_duvessa
D:8:      layout_basic, lightli_temple_of_fire, serial_shops,
          nicolae_shop_waterfront, basic_altar, david_nohive_1
D:9:      layout_loops_ring, kennysheep_little_box, dpeg_oklobed_lair,
          ebering_ghost_rock_garden, uniq_psyche
Temple:   lightli_temple_of_artemis
Lair:1:   layout_long_grid

Skill      XL: |  1  2  3  4  5  6  7  8  9 10 |
---------------+-------------------------------+-----
Fighting       | 3 4 5 6 7 |  7.2
Axes           | 3 4 5 6 8 10 11 | 11.3
Armour         | 4 5 6 7 8 |  8.6
Shields        | 4 5 6 7 8 |  8.8
Invocations    | 3 5 |  5.7

Action                   |  1- 3 |  4- 6 |  7- 9 | 10-12 || total
-------------------------+-------+-------+-------+-------++-------
Melee: War axe           |    22 |   166 |   408 |   160 ||   756
       Hand axe          |       |       |       |    13 ||    13
 Abil: Heal Wounds       |       |     4 |    11 |     8 ||    23
  Eat: Chunk             |       |       |    10 |     4 ||    14
Armor: Scale mail        |    16 |   120 |    14 |       ||   150
       Chain mail        |       |       |   203 |   162 ||   365
Dodge: Dodged            |     9 |    65 |   105 |    72 ||   251
Block: Kite shield       |    12 |   125 |   227 |   165 ||   529

Table legend:
 A = Non-vault XP
 B = Vault XP
 C = Vault XP percentage of total XP
 D = Non-vault monster count
 E = Vault monster count
 F = Vault count percentage of total count
                 A         B        C        D         E       F
            +---------+---------+-------+---------+---------+-------
      Total |    8261 |    2386 |  22.4 |     166 |      22 |  11.7
            +---------+---------+-------+---------+---------+-------
        D:1 |       4 |       0 |   0.0 |       3 |       0 |   0.0
        D:2 |     132 |       0 |   0.0 |       2 |       0 |   0.0
        D:3 |      40 |      36 |  47.4 |      15 |       1 |   6.2
        D:4 |     444 |       0 |   0.0 |      18 |       0 |   0.0
        D:5 |     549 |     625 |  53.2 |      14 |       3 |  17.6
        D:6 |     715 |       0 |   0.0 |      11 |       0 |   0.0
        D:7 |     519 |     223 |  30.1 |      15 |       2 |  11.8
        D:8 |    1239 |    1166 |  48.5 |      42 |      15 |  26.3
        D:9 |    2579 |     336 |  11.5 |      35 |       1 |   2.8
     Lair:1 |    2040 |       0 |   0.0 |      11 |       0 |   0.0
            +---------+---------+-------+---------+---------+-------
